 Dungeon Crawl Stone Soup version 0.21.1-1-g345015f (webtiles) character file.

200 Mirai the Covered (level 5, 0/47 HPs)
             Began as a Minotaur Fighter on Mar 20, 2018.
             Slain by an adder (4 damage)
             ... on level 3 of the Dungeon.
             The game lasted 00:04:27 (1704 turns).

Mirai the Covered (Minotaur Fighter)                Turns: 1704, Time: 00:04:28

Health: 0/47       AC: 12    Str: 21    XL:     5   Next: 48%
Magic:  4/4        EV:  5    Int:  5    God:
Gold:   112        SH:  9    Dex: 10    Spells: 4/4 levels left

rFire    . . .     SeeInvis .   a - +0 war axe
rCold    . . .     Gourm    .   c - +0 shield
rNeg     . . .     Faith    .   q - +0 plate armour
rPois    .         Spirit   .   (helmet restricted)
rElec    .         Reflect  .   (no cloak)
rCorr    .         Harm     .   (no gloves)
MR       .....                  (no boots)
Stlth    ..........             (no amulet)
HPRegen  0.15/turn              (no ring)
MPRegen  0.09/turn              (no ring)

@: no status effects
A: retaliatory headbutt, horns 2
a: no special abilities


You were on level 3 of the Dungeon.
You were not hungry.

You visited 1 branch of the dungeon, and saw 3 of its levels.

You collected 112 gold pieces.

Inventory:

Hand Weapons
 a - a +0 war axe (weapon)
Armour
 b - a +0 scale mail
 c - a +0 shield (worn)
 q - a +0 plate armour (worn)
Scrolls
 e - 3 scrolls of enchant weapon {unknown}
 h - a scroll of teleportation {unknown}
 i - a scroll of enchant armour {unknown}
 l - 4 scrolls of identify {unknown}
 o - a scroll of remove curse {unknown}
Potions
 d - 2 potions of might
 j - 2 potions of berserk rage {unknown}
 k - 2 potions of ambrosia {unknown}
 m - a potion of heal wounds {unknown}
 n - a potion of lignification {unknown}
 p - a potion of degeneration {unknown}
Comestibles
 f - 4 rations
 g - 3 chunks of flesh


   Skills:
 + Level 4.5 Fighting
 + Level 4.4 Axes
 + Level 4.9 Armour
 * Level 2.5 Dodging
 - Level 3.6 Shields


You had 4 spell levels left.
You didn't know any spells.

Dungeon Overview and Level Annotations

Branches:
Dungeon (3/15)

Altars:
Nemelex Xobeh


Innate Abilities, Weirdness & Mutations

You reflexively headbutt those who attack you in melee.
You have a pair of horns on your head.


Message History

You block the orc priest's attack. You block the adder's attack.
You hit the orc priest but do no damage.
The orc priest is severely wounded.
You miss the adder.
The orc priest hits you with a hand axe.
You block the adder's attack. The adder bites you but does no damage.
The orc priest calls down the wrath of Beogh upon you.
Pain shoots through your body!
You closely miss the orc priest. Your headbutt misses the orc priest.
The orc priest is severely wounded.
You closely miss the adder. You block the adder's attack.
The orc priest invokes the aid of Beogh against you.
Beogh smites you!
* * * LOW HITPOINT WARNING * * *
Unknown command.
You slash the orc priest!
You kill the orc priest!
You closely miss the adder. The adder bites you but does no damage.
The adder bites you.
You die...

########## ####........#
### ............# ..#
.......$....# #.#
............## #.#####
......S.....##. #.#...#
......)@....# .. #.#.#.#
.###..).....####.#.#.#.#
?....................>..
.###........######.###.#
#........# #.###.#
#######.## #.#...#
#######.## #.#.###
#........# #..<...
##........############


You could see an adder.

Vanquished Creatures
  A big kobold (D:2)
  An orc priest (D:3)
  4 adders (D:2)
  A worm (D:2)
  4 dart slugs
  3 orcs (D:3)
  5 bats
  7 giant cockroaches
  2 goblins (D:2)
  4 hobgoblins (D:1)
  7 jackals
  2 kobolds
  A quokka (D:2)
  A ball python (D:2)
  A frilled lizard (D:2)
  3 rats
47 creatures vanquished.

Notes
Turn   | Place    | Note
-------+----------+-------------------------------------------
     0 | D:1      | Mirai the Minotaur Fighter began the quest for the Orb.
     0 | D:1      | Reached XP level 1. HP: 19/19 MP: 0/0
    82 | D:1      | Reached XP level 2. HP: 27/27 MP: 1/1
   156 | D:1      | Reached skill level 1 in Dodging
   279 | D:1      | Found a sparkling altar of Nemelex Xobeh.
   381 | D:1      | Reached XP level 3. HP: 33/33 MP: 2/2
   429 | D:1      | You fall through a shaft!
   530 | D:2      | Noticed a big kobold
   541 | D:2      | Killed a big kobold
   541 | D:2      | Reached XP level 4. HP: 36/41 MP: 3/3
   743 | D:2      | Found a faded altar of an unknown god.
  1024 | D:2      | Reached XP level 5. HP: 37/47 MP: 4/4
  1704 | D:3      | Slain by an adder

Skill      XL: |  1  2  3  4  5 |
---------------+----------------+-----
Dodging        | 1 2 |  2.5
Fighting       | 4 |  4.5
Armour         | 4 |  4.9
Axes           | 3 4 |  4.4
Shields        | |  3.6

Action                   |  1- 3 |  4- 6 || total
-------------------------+-------+-------++-------
Melee: War axe           |    48 |    72 ||   120
       Headbutt          |    11 |    10 ||    21
  Eat: Chunk             |       |     3 ||     3
Armor: Scale mail        |    33 |    21 ||    54
       Plate armour      |       |    11 ||    11
Dodge: Dodged            |     8 |    29 ||    37
Block: Shield            |    22 |    47 ||    69
